 Dungeon Crawl Stone Soup version 0.20.0-15-g7f486f2 (webtiles) character file.

86 Ekaitz the Gusty (level 4, -10/25 HPs)
             Began as a Tengu Air Elementalist on June 10, 2017.
             Mangled by an ogre
             ... wielding a +0 giant club
              (12 damage)
             ... on level 3 of the Dungeon.
             The game lasted 00:07:57 (1710 turns).

Ekaitz the Gusty (Tengu Air Elementalist)           Turns: 1710, Time: 00:07:58

Health: -10/25     AC:  2    Str: 10    XL:     4   Next: 50%
Magic:  2/8        EV: 13    Int: 15    God:
Gold:   139        SH:  0    Dex: 14    Spells: 2/8 levels left

rFire    . . .     SeeInvis .   (no weapon)
rCold    . . .     Gourm    .   (no shield)
rNeg     . . .     Faith    .   a - +0 robe
rPois    .         Spirit   .   (helmet restricted)
rElec    .         Reflect  .   (no cloak)
rCorr    .         Harm     .   (no gloves)
MR       +....                  (boots unavailable)
Stlth    ++........             (no amulet)
Regen    0.1/turn               (no ring)
MPRegen  0.2/turn               k - ring of protection from magic

@: no status effects
A: beak, talons 3
a: no special abilities


You were on level 3 of the Dungeon.
You were hungry.

You visited 1 branch of the dungeon, and saw 3 of its levels.

You collected 139 gold pieces.

Inventory:

Armour
 a - a +0 robe (worn)
Jewellery
 k - a ring of protection from magic (right hand)
Wands
 n - a wand of lightning (4/15)
Scrolls
 d - 3 scrolls of identify {unknown}
 h - a scroll of teleportation {unknown}
 j - a scroll of immolation {unknown}
 l - 2 scrolls of fog {unknown}
Potions
 e - a potion of brilliance {unknown}
 f - a potion of curing {unknown}
 g - 3 potions of berserk rage {unknown}
 i - a potion of lignification {unknown}
Books
 b - a book of Air

   Spells                             Type                      Level
   a - Shock                          Conjuration/Air              1
   b - Swiftness                      Charms/Air                   2
   c - Static Discharge               Conjuration/Air              3
   d - Airstrike                      Air                          4
   e - Lightning Bolt                 Conjuration/Air              5
Comestibles
 c - 3 bread rations
 m - a meat ration


   Skills:
 * Level 1.2 Fighting
 + Level 2.4 Dodging
 + Level 2.0 Stealth
 + Level 0.2 Unarmed Combat
 + Level 2.5 Spellcasting
 * Level 3.1 Conjurations
 * Level 0.7 Charms
 + Level 4.7 Air Magic


You had 2 spell levels left.
You knew the following spells:

 Your Spells              Type           Power        Failure   Level  Hunger
a - Shock                 Conj/Air       ##..         4%          1    #......
b - Swiftness             Chrm/Air       ##......     11%         2    ###....
c - Static Discharge      Conj/Air       ##......     13%         3    ###....


Dungeon Overview and Level Annotations

Branches:
Dungeon (3/15)

Altars:
Cheibriados


Innate Abilities, Weirdness & Mutations

You have a beak for a mouth.
You have claws for feet.


Message History

Aiming: Shock
Press: ? - help, Shift-Dir - straight line The zap hits the ogre.
The ogre is almost dead.
The ogre hits you with a giant club!!
Ouch! That really hurt!
* * * LOW HITPOINT WARNING * * *
A leopard gecko comes into view.
Unknown command.
Casting: Shock
Confirm with . or Enter, or press ? or * to list all spells.
Aiming: Shock
Press: ? - help, Shift-Dir - straight line, f - ogre
Aim: an ogre, wielding a giant club (almost dead)
The zap hits the ogre.
The ogre is almost dead.
The zap hits the goblin.
You kill the goblin!
The ogre hits you with a giant club!
You die...

..#.#
#..........#..#
..#.#
#.............#
#.#.# #.# #..#
# #.#†###.#
#####.†#.#
#.......#
#......#.#####
#...###.#
#.##..........
#.### #.#
#.##.#.#.###.#
#.#
#.###.##.#O#.#
#.#
#.##...#.#@# .
#.#
#.#......#.# ##
#.#
#.)........#
#.#
###......###
#.# ##...#.....
..# ##..######
.## ##.# #.##
#.# ##.# #.#


You could see an ogre.

Vanquished Creatures
  Robin (D:2)
  An adder (D:2)
  An ooze (D:1)
  A worm (D:2)
  A leopard gecko (D:1)
  15 goblins
  8 hobgoblins
  9 jackals
  4 bats
  2 frilled lizards
  6 kobolds
  6 rats
55 creatures vanquished.

Notes
Turn   | Place    | Note
-------+----------+-------------------------------------------
     0 | D:1      | Ekaitz the Tengu Air Elementalist began the quest for the Orb.
     0 | D:1      | Reached XP level 1. HP: 10/10 MP: 4/4
   118 | D:1      | Reached XP level 2. HP: 5/16 MP: 0/6
   122 | D:1      | Learned a level 2 spell: Swiftness
   631 | D:1      | Reached XP level 3. HP: 20/20 MP: 4/7
   878 | D:2      | Reached skill level 1 in Fighting
   883 | D:2      | Learned a level 3 spell: Static Discharge
   971 | D:2      | Noticed Robin
   975 | D:2      | Killed Robin
  1116 | D:2      | Reached XP level 4. HP: 25/25 MP: 4/8
  1558 | D:3      | Found a snail-covered altar of Cheibriados.
  1697 | D:3      | Noticed an ogre
  1703 | D:3      | HP: 1/25 [ogre/giant club (24)]
  1710 | D:3      | Mangled by an ogre

Skill      XL: |  1  2  3  4 |
---------------+-------------+-----
Conjurations   | 2 3 |  3.1
Fighting       | 1 |  1.2
Dodging        | |  2.4
Stealth        | |  2.0
Unarmed Combat | |  0.2
Spellcasting   | |  2.5
Charms         | |  0.7
Air Magic      | |  4.7

Action                   |  1- 3 |  4- 6 || total
-------------------------+-------+-------++-------
Melee: Unarmed           |    15 |     2 ||    17
       Kick              |     2 |     1 ||     3
       Peck              |     3 |       ||     3
 Cast: Shock             |    54 |    31 ||    85
  Eat: Chunk             |     1 |     2 ||     3
Armor: Robe              |     2 |     1 ||     3
Dodge: Dodged            |    14 |     6 ||    20
